 Dungeon Crawl Stone Soup version 0.28-b1-25-g9875b3fc8c (webtiles) character file.

Game seed: 8749217256065222640

18 sanka the Magician (level 2, 16/16 HPs)
             Began as a Deep Elf Transmuter on Feb 8, 2022.
             Was a Follower of Trog.
             Quit the game on level 1 of the Dungeon.
             The game lasted 00:01:22 (705 turns).

sanka the Magician (Deep Elf Transmuter)             Turns: 705, Time: 00:01:22

Health: 16/16      AC:  2    Str:  7    XL:     2   Next: 51%
Magic:  9/9        EV: 12    Int: 17    God:    Trog [*.....]
Gold:   10         SH:  0    Dex: 15    Spells: 9/10 levels left

rFire   . . .      SeeInvis .     - Unarmed
rCold   . . .      Faith    .   (no shield)
rNeg    . . .      Spirit   .   a - +0 robe
rPois   .          Reflect  .   (helmet currently unavailable)
rElec   .          Harm     .   (no cloak)
rCorr   .          Rampage  .   (no gloves)
Will    .....                   (boots currently unavailable)
Stlth   +.........              (no amulet)
HPRegen 0.05/turn               (no ring)
MPRegen 0.11/turn               (no ring)

@: appendages (expiring)
A: horns 2, talons 2
a: End Transformation, Renounce Religion, Berserk


You were on level 1 of the Dungeon.
You worshipped Trog.
Trog was aware of your devotion.
You had temporarily grown beastly horns and talons.
You visited 1 branch of the dungeon, and saw 1 of its levels.

You collected 10 gold pieces.

Inventory:

Armour
 a - a +0 robe (worn)
 e - a +0 pair of boots (melded)
Scrolls
 b - a scroll of noise {unknown}
 c - a scroll of blinking {unknown}
 d - a scroll of amnesia {unknown}


   Skills:
 - Level 0.7 Fighting
 - Level 2.4 Dodging
 - Level 2.4 Unarmed Combat
 - Level 4.5 Spellcasting
 - Level 2.1 Transmutations


You had 9 spell levels left.
You knew the following spells:

 Your Spells              Type           Power      Damage    Failure   Level
a - Beastly Appendage     Tmut           22%        N/A       6%          1

Your spell library contained the following spells:

 Spells                   Type           Power      Damage    Failure   Level
 Wereblood                Tmut           11%        N/A       10%         2
 Sublimation of Blood     Necr           3%         N/A       22%         2
 Spider Form              Tmut/Pois      7%         N/A       28%         3
 Ice Form                 Ice/Tmut       7%         N/A       67%         4
 Petrify                  Tmut/Erth      7%         N/A       67%         4
 Irradiate                Conj/Tmut      3%         3d14      95%         5


Dungeon Overview and Level Annotations

Branches:
Dungeon (1/15)

Altars:
Trog

Shops:
D:1 ?


Innate Abilities, Weirdness & Mutations

You have temporarily grown beastly horns and talons.


Message History

You are frozen.
You hit the endoplasm but do no damage.
The endoplasm is severely wounded.
The endoplasm hits you but does no damage.
You hit the endoplasm.
You kill the endoplasm!
No target in view!
You start resting.
HP restored.
There is an entrance to Ekun's Magic Scroll Boutique here.
You can access your shopping list by pressing '$'.
You open the door.
Found a faded altar of an unknown god.
There is an open door here.
You open the door.
There is an open door here.
There is a faded altar of an unknown god here.
You open the door.
There is an open door here.
You open the door.
There is an open door here.
A hobgoblin comes into view.
You grow a pair of large bovine horns.
Your feet morph into talons.
Your +0 pair of boots melds into your body.
The hobgoblin shouts!
You hit the hobgoblin. You claw the hobgoblin.
You kill the hobgoblin!
There is an open door here.
There is an open door here.
Your transformation is almost over.
There is a faded altar of an unknown god here.
You cannot tell which god this altar belongs to.
Convert to them anyway?
Okay, then.
You cannot tell which god this altar belongs to.
Convert to them anyway?
Trog accepts your prayer! Trog welcomes you!
You can now go berserk at will.
Unknown command.
Press < or > to pray at altars.
Are you sure you want to abandon this character and quit the game? (Confirm with "yes".)

#..#####'###
###8.##......#
##..........#######
#.8>∩.8.....#....P#
#......#....#'###.#
##..8..#....#...#.#
#.....#...####.#.####
#........##PP..8P'..#
#....#####.@.######.#
#....'.8...P## #.#
######.#.#### #.#
#.#...# #+# #.###'#
#.....# #######


There were no monsters in sight!

Vanquished Creatures
  A dart slug (D:1)
  An endoplasm (D:1)
  A goblin (D:1)
  3 hobgoblins (D:1)
  A quokka (D:1)
  A frilled lizard (D:1)
  10 rats (D:1)
18 creatures vanquished.

Notes
Turn   | Place    | Note
-------+----------+-------------------------------------------
     0 | D:1      | sanka the Deep Elf Transmuter began the quest for the Orb.
     0 | D:1      | Reached XP level 1. HP: 11/11 MP: 6/6
   152 | D:1      | Reached skill level 4 in Spellcasting
   152 | D:1      | Reached XP level 2. HP: 6/16 MP: 7/9
   548 | D:1      | Found Ekun's Magic Scroll Boutique.
   654 | D:1      | Found a faded altar of an unknown god.
   704 | D:1      | Prayed at the altar of an unknown god.
   704 | D:1      | Became a worshipper of Trog the Wrathful
   704 | D:1      | Reached * piety under Trog
   705 | D:1      | Quit the game

Illustrated notes

Levels and vault maps discovered:
D:1:      lightli_arrival_chessboard, layout_basic, serial_shops,
          nicolae_shop_statue_plus, shapermc_ecumenical_altar_ellora,
          minmay_rat_gold_closets

Skill      XL: |  1 |
---------------+----+-----
Spellcasting   | 4 |  4.5
Fighting       | |  0.7
Dodging        | |  2.4
Unarmed Combat | |  2.4
Transmutations | |  2.1

Action                   || total
-------------------------++-------
Melee: Unarmed           ||    41
       Kick              ||     9
       Headbutt          ||     5
 Cast: Beastly Appendage ||    13
 Stab: Sleeping          ||     3
Armor: Robe              ||     7
Dodge: Dodged            ||    15
